[Event "VII Totalizator Sportowy 2022"]
[Site "Bydgoszcz"]
[Date "2022.06.27"]
[Round "3.20"]
[White "Kulon, Klaudia"]
[Black "Syrkiewicz, Michal"]
[Result "1/2-1/2"]
[ECO "A36"]
[WhiteElo "2305"]
[BlackElo "2000"]
[Annotator "TA"]
[PlyCount "84"]
[EventDate "2022.06.25"]
[EventType "swiss"]
[EventCountry "POL"]
[SourceTitle "playchess.com"]
[Source "ChessBase"]
[SourceQuality "1"]
[TimeControl "40/5400+30:1800+30"]

1. c4 c5 2. g3 Nc6 3. Bg2 g6 4. Nc3 Bg7 5. a3 d6 6. Rb1 Be6 {[%emt 0:02:30] A36: Symmetrical English vs ...g6: 4 Bg2 Bg7.} 7. Nd5 Nf6 8. d3 {[%emt 0:00:33] [#]} O-O $146 {[%emt 0:02:17] The position is equal.} ({Predecessor:} 8... Qd7 9. b4 cxb4 10. axb4 Bxd5 11. cxd5 Nd4 12. Bb2 Nb5 13. e4 O-O 14. Ne2 Nh5 {½-½ (28) Mehlhorn,U (2165)-Teichgraeber,M Germany 2001}) 9. b4 cxb4 10. axb4 Bxd5 (10... a5 $1 {deserves consideration.}) 11. cxd5 $11 Nd4 12. e3 Nb5 13. Ne2 {[%emt 0:00:15] Against Nc3} Rc8 14. O-O Qc7 15. e4 Qc2 16. Be3 (16. Bf4 $11) 16... Ng4 $36 {[%emt 0:07:08][%mdl 2048] Black has some pressure.} 17. Bg5 Qxd1 (17... h6 {is more complex.} 18. Bf4 Qxd1 19. Rfxd1 Rc2) 18. Rbxd1 h6 19. Bd2 Rc2 20. Bh3 (20. d4 $17 {was called for.}) 20... Ne5 $19 21. Kg2 {[%emt 0:03:49] Against Nf3} Nxd3 22. Bd7 a6 {[%emt 0:01:58] White must now prevent ...Nb2.} 23. Be3 Nxb4 (23... Rxe2 24. Rxd3 Rb2 25. Bd2 $17) 24. Rb1 Rxe2 (24... Na2 $19 25. Rfe1 Rxe2 $1 26. Rxe2 Nbc3 27. Rxa2 Nxb1) 25. Rxb4 $17 Nc3 {[%emt 0:00:45] Strongly threatening ...b5.} 26. Rxb7 (26. Bg4 $2 Rxe3 27. fxe3 b5 $19) 26... Nxe4 27. Bg4 {[%emt 0:01:18][%csl LRe2,LRe7] This bishop pair is nice.} Rb2 28. Rxe7 Nc3 29. Bf3 a5 30. Ra7 a4 $1 31. h4 (31. Bf4 $17) 31... Rbb8 $19 {[%emt 0:04:40] Threatens to win with ...Ra8.} 32. Bf4 Ra8 33. Rxa8 Rxa8 34. Bxd6 a3 35. Be7 a2 36. d6 {[%emt 0:00:06] [#]} Ra7 ({But not} 36... Nb1 37. Bxa8 a1=Q 38. d7 Qxa8+ 39. Kh3 $18 (39. Kg1 Nd2 $11)) 37. Ra1 Bf8 $2 (37... Be5 $19 {aiming for ...h5.} 38. Bc6 Nb1 39. Rxa2 Rxa2) 38. Bxf8 (38. Bf6 $11 Nb5 39. d7 Rxd7 40. Rxa2) 38... Kxf8 $17 39. Bc6 {[%emt 0:00:06] Inhibits Ra4. And now d7 would win.} Nb1 40. Bd5 Nc3 41. Bc6 {[%emt 0:03:58] [#] Hoping for d7.} Nb1 ({Black should try} 41... f5 $1 $17 {...Ra6 is the strong threat.} 42. d7 (42. Kf3 $2 Ra6 $19) 42... Ke7 43. Re1+ Ne4) 42. Bb5 {[%emt 0:02:24] Against Ra6} (42. Bd5 $11 {keeps the balance.}) 42... Ra8 {[%emt 0:04:27] Weighted Error Value: White=0.21 (precise) /Black=0.25 (precise)} 1/2-1/2

[Event "VII Totalizator Sportowy 2022"]
[Site "Bydgoszcz"]
[Date "2022.06.27"]
[Round "3.21"]
[White "Malczyk, Radoslaw"]
[Black "Sernecki, Franciszek"]
[Result "0-1"]
[ECO "C02"]
[WhiteElo "2067"]
[BlackElo "2272"]
[Annotator "TA"]
[PlyCount "74"]
[EventDate "2022.06.25"]
[EventType "swiss"]
[EventCountry "POL"]
[SourceTitle "playchess.com"]
[Source "ChessBase"]
[SourceQuality "1"]
[TimeControl "40/5400+30:1800+30"]

1. e4 e6 2. d4 d5 3. e5 c5 4. c3 Nc6 5. Nf3 Bd7 6. Bd3 cxd4 7. O-O dxc3 8. Nxc3 Nge7 {[%emt 0:00:29] Black is slightly better.} 9. Re1 Ng6 10. g3 Be7 11. h4 O-O 12. h5 Nh8 ({Resist} 12... Qb6 13. hxg6 fxg6 14. Rb1 $16) 13. Qc2 {[%emt 0:02:03][%csl Gc2][%cal Rd3h7][%mdl 1024] [#] White has compensation.} g6 14. a3 {[%emt 0:01:09] Prevents Nb4.} Rc8 15. Bh6 Re8 {[%emt 0:06:35] And now ...d4 would win.} 16. Qe2 f5 {[%emt 0:13:54] Hoping for ...Nf7.} 17. exf6 Bxf6 18. hxg6 hxg6 19. Kg2 Ne7 (19... Nf7 $17 20. Qd2 g5) 20. g4 Nf7 {[%emt 0:03:03] Prevents Ne5.} 21. Bd2 {[%emt 0:00:40] This costs White the game.} (21. Bf4 $17) 21... e5 $19 22. g5 (22. Nh2) 22... Bg7 {[%emt 0:01:04] Black is clearly winning.} 23. Nxd5 Nxd5 24. Bxg6 Bc6 25. Bxf7+ Kxf7 26. g6+ Kg8 {[%emt 0:01:44] ...e4 is the strong threat.} 27. Qc4 Re6 28. Qg4 Qf6 29. Kg3 Rf8 30. Bg5 Qf5 31. Qxf5 Rxf5 32. Kg4 Rf8 33. Nh4 Nf4 34. Nf5 {[%emt 0:00:51] [#]} Bf3+ $1 35. Kxf3 {[%emt 0:00:06] aiming for Ne7+.} Rxf5 36. Kg4 Rf8 37. Rad1 Rxg6 {[%emt 0:00:22] Weighted Error Value: White=0.56/Black=0.12 (very precise)} 0-1

[Event "VII Totalizator Sportowy 2022"]
[Site "Bydgoszcz"]
[Date "2022.06.27"]
[Round "3.22"]
[White "Ratajczak, Hubert"]
[Black "Sliwicki, Damian"]
[Result "1-0"]
[ECO "A22"]
[WhiteElo "1899"]
[BlackElo "2168"]
[Annotator "RC"]
[PlyCount "74"]
[EventDate "2022.06.25"]
[EventType "swiss"]
[EventCountry "POL"]
[SourceTitle "playchess.com"]
[Source "ChessBase"]
[SourceQuality "1"]
[TimeControl "40/5400+30:1800+30"]

1. c4 e5 2. Nc3 Nf6 3. g3 Bb4 4. e4 d6 5. Bg2 Nc6 6. Nge2 Bg4 7. h3 Be6 8. d3 Qd7 9. a3 Bc5 10. f4 g6 11. g4 Qd8 12. f5 Bd7 13. Bh6 Nxe4 14. Nxe4 Qh4+ 15. N2g3 Qxh6 16. g5 Qh4 17. Nf6+ Kd8 18. Qg4 Qxg4 19. hxg4 Be3 20. Nxd7 Kxd7 21. Bxc6+ bxc6 22. Ne4 d5 23. Ke2 Bf4 24. Nf6+ Kd6 25. Nxh7 Rag8 26. b4 Rg7 27. c5+ Ke7 28. f6+ Ke6 29. fxg7 Rg8 30. Nf6 Rxg7 31. Rh8 Bxg5 32. Ne8 Bf6 33. Nxg7+ Bxg7 34. Re8+ Kd7 35. Rg8 Bf6 36. Rf1 Ke7 37. Rc8 Kd7 1-0

[Event "VII Totalizator Sportowy 2022"]
[Site "Bydgoszcz"]
[Date "2022.06.27"]
[Round "3.23"]
[White "Prieb, Robert"]
[Black "Stolarczyk, Adam"]
[Result "1-0"]
[ECO "E97"]
[WhiteElo "2034"]
[BlackElo "2125"]
[Annotator "NA RC"]
[PlyCount "59"]
[EventDate "2022.06.25"]
[EventType "swiss"]
[EventCountry "POL"]
[SourceTitle "playchess.com"]
[Source "ChessBase"]
[SourceQuality "1"]
[TimeControl "40/5400+30:1800+30"]

1. d4 Nf6 2. Nf3 d6 3. c4 g6 4. Nc3 Bg7 5. e4 O-O 6. Be2 e5 7. O-O Nc6 8. d5 Ne7 9. Kh1 Ne8 10. Ng1 f5 11. f4 Nf6 12. fxe5 dxe5 13. Nf3 Nxe4 14. Nxe4 fxe4 15. Ng5 Bf5 16. g4 h6 17. gxf5 hxg5 18. Bxg5 Rxf5 19. Rxf5 gxf5 20. c5 Qe8 21. d6 cxd6 22. cxd6 Nc6 23. Bc4+ Kh7 24. Qf1 Nd4 25. Qh3+ Kg6 26. Be7 Nf3 27. Be6 Qc6 28. Rg1+ Nxg1 29. Qxf5+ Kh6 30. Bg5+ 1-0

[Event "VII Totalizator Sportowy 2022"]
[Site "Bydgoszcz"]
[Date "2022.06.27"]
[Round "3.24"]
[White "Hulka, Valentyn"]
[Black "Zaninotto, Franco"]
[Result "1/2-1/2"]
[ECO "B31"]
[WhiteElo "2123"]
[BlackElo "2069"]
[Annotator "NA RC"]
[PlyCount "77"]
[EventDate "2022.06.25"]
[EventType "swiss"]
[EventCountry "POL"]
[SourceTitle "playchess.com"]
[Source "ChessBase"]
[SourceQuality "1"]
[TimeControl "40/5400+30:1800+30"]

1. e4 c5 2. Nf3 Nc6 3. Bb5 g6 4. Bxc6 bxc6 5. d4 cxd4 6. Qxd4 f6 7. c4 d6 8. Nc3 Nh6 9. O-O Nf7 10. h3 Bg7 11. b3 O-O 12. Bb2 f5 13. Qd2 Ne5 14. Nxe5 Bxe5 15. exf5 gxf5 16. Rfe1 Bg7 17. Rad1 Rf7 18. c5 d5 19. Ne2 e5 20. f4 e4 21. Bxg7 Rxg7 22. Nd4 Bd7 23. b4 a6 24. a4 Kh8 25. Re3 Qh4 26. Qf2 Qh5 27. Rd2 Rag8 28. Qe1 Qh6 29. Rf2 Rg6 30. Qd2 Qg7 31. Qb2 h6 32. Kf1 Kh7 33. Qd2 Qf6 34. Nb3 Qg7 35. Rfe2 h5 36. Nd4 Qh6 37. Rb3 Rg3 38. Rxg3 Rxg3 39. Qc1 1/2-1/2

[Event "VII Totalizator Sportowy 2022"]
[Site "Bydgoszcz"]
[Date "2022.06.27"]
[Round "3.25"]
[White "Kolodziejski, Piotr"]
[Black "Skurniak, Szymon"]
[Result "1/2-1/2"]
[ECO "B67"]
[WhiteElo "2107"]
[BlackElo "1960"]
[Annotator "NA RC"]
[PlyCount "94"]
[EventDate "2022.06.25"]
[EventType "swiss"]
[EventCountry "POL"]
[SourceTitle "playchess.com"]
[Source "ChessBase"]
[SourceQuality "1"]
[TimeControl "40/5400+30:1800+30"]

1. e4 c5 2. Nf3 Nc6 3. d4 cxd4 4. Nxd4 Nf6 5. Nc3 d6 6. Bg5 e6 7. Qd2 a6 8. O-O-O Bd7 9. f3 Be7 10. h4 h6 11. Be3 h5 12. Bg5 Nxd4 13. Qxd4 Qc7 14. Kb1 b5 15. Qd2 b4 16. Ne2 a5 17. Rc1 O-O 18. c4 bxc3 19. Nxc3 Qb7 20. Bd3 Bc6 21. Rc2 Rfc8 22. Rhc1 Rab8 23. Qe2 Qd7 24. Nb5 Bxb5 25. Rxc8+ Rxc8 26. Rxc8+ Qxc8 27. Bxb5 Kf8 28. Bd2 Qc7 29. Qe1 Bd8 30. a4 e5 31. b4 axb4 32. Bxb4 Nd7 33. g3 Nc5 34. Qc3 Qb6 35. Ka2 g6 36. Qd2 Kg7 37. Ka3 Bc7 38. Bc3 Ne6 39. f4 Qc5+ 40. Ka2 Nd4 41. Qd3 Ne2 42. Bb2 Nc1+ 43. Bxc1 Qxc1 44. fxe5 dxe5 45. Bc4 Bb6 46. Qd5 Qc2+ 47. Ka3 Bc5+ 1/2-1/2

[Event "VII Totalizator Sportowy 2022"]
[Site "Bydgoszcz"]
[Date "2022.06.28"]
[Round "4.1"]
[White "Heberla, Bartlomiej"]
[Black "Jarmula, Lukasz"]
[Result "1-0"]
[ECO "C43"]
[WhiteElo "2576"]
[BlackElo "2459"]
[Annotator "RC"]
[PlyCount "71"]
[EventDate "2022.06.25"]
[EventType "swiss"]
[EventCountry "POL"]
[SourceTitle "playchess.com"]
[Source "ChessBase"]
[SourceQuality "1"]
[TimeControl "40/5400+30:1800+30"]

1. e4 e5 2. Nf3 Nf6 3. d4 Nxe4 4. dxe5 d5 5. Nbd2 Qd7 6. Nxe4 dxe4 7. Nd4 Bc5 8. Be3 Bxd4 9. Qxd4 Qxd4 10. Bxd4 Nc6 11. Bc3 O-O 12. Bb5 Bd7 13. O-O-O Rad8 14. Rd5 Be6 15. Rc5 Rd5 16. Rxd5 Bxd5 17. Rd1 Rd8 18. Bxc6 bxc6 19. Rd4 Kf8 20. Ba5 Rd7 21. Bd2 Ke7 22. Ra4 e3 23. Bxe3 Bxg2 24. Rxa7 Bf3 25. b4 Ke6 26. a4 Kd5 27. c3 Kxe5 28. Bd4+ Kd5 29. Ra5+ Kc4 30. Re5 f6 31. Re3 Bh5 32. Re6 Kd5 33. Re1 Rd6 34. a5 Re6 35. c4+ Kd6 36. Bc5+ 1-0

[Event "VII Totalizator Sportowy 2022"]
[Site "Bydgoszcz"]
[Date "2022.06.28"]
[Round "4.2"]
[White "Licznerski, Lukasz"]
[Black "Krasenkow, Michal"]
[Result "1/2-1/2"]
[ECO "B06"]
[WhiteElo "2439"]
[BlackElo "2576"]
[Annotator "TA"]
[PlyCount "107"]
[EventDate "2022.06.25"]
[EventType "swiss"]
[EventCountry "POL"]
[SourceTitle "playchess.com"]
[Source "ChessBase"]
[SourceQuality "1"]
[TimeControl "40/5400+30:1800+30"]

1. e4 g6 2. d4 Bg7 3. Nc3 d6 4. Be3 Nf6 5. f3 c6 6. Qd2 b5 7. Bd3 Nbd7 8. a4 {[%emt 0:11:24] B07: Pirc Defence: Miscellaneous Systems.} b4 9. Nce2 a5 {[%emt 0:01:35] [#]} 10. Bh6 $146 {[%emt 0:03:50] The position is equal.} ({Predecessor:} 10. b3 O-O 11. h4 e5 12. Rd1 d5 13. h5 Nxh5 14. g4 Nf4 15. Nxf4 exf4 16. Qh2 {1-0 (45) Escalante Ramirez,B (2442)-Grabinsky,A (2375) Saint Louis 2018}) 10... Bxh6 11. Qxh6 Qb6 12. Nh3 c5 13. c3 Ba6 14. Bxa6 Qxa6 15. Kf2 Rb8 16. Rhd1 {[%emt 0:06:31] Against Qd3} bxc3 17. bxc3 Rb2 $1 18. Nhf4 cxd4 19. cxd4 e5 20. Nd3 Rb3 {[%emt 0:01:01] [#]} ({Black should try} 20... Rc2 $14) 21. Rac1 $1 $16 Ke7 (21... Rxd3 $2 22. Rxd3 Qxd3 23. Rc8+ Ke7 24. Rxh8 $18) 22. dxe5 dxe5 23. Nc3 {[%emt 0:01:52] And now Kg1 would win.} Qb6+ ({Better is} 23... Ra3 $1 $14) 24. Kf1 $18 {[%emt 0:00:55][%cal Bf2f1,Bf1e2,Be2d1,Bd1c1][%mdl 32] Threatens to win with Qg5.} Qd4 {[%emt 0:12:14] [#]} (24... Rb8 $142 25. Nb5 Rd8) 25. Nf4 $1 Rxc3 26. Nd5+ Nxd5 27. Rxd4 Ne3+ 28. Ke2 exd4 29. Rxc3 {[%emt 0:00:41] The board is on fire.} dxc3 30. Qxe3 {[%emt 0:00:48][%mdl 4096] Endgame KQ-KRN} Rc8 {[%emt 0:00:03] Strongly threatening ...c2.} 31. Kd1 c2+ 32. Kc1 {[%emt 0:00:01] Qg5+ is the strong threat.} Rc5 {[%emt 0:00:49] Against Qg5+} 33. Qd4 h5 34. f4 f6 $2 (34... g5 35. g3 h4) 35. g3 (35. h4 $142) 35... Ke6 $2 (35... g5 {was necessary.} 36. Qd3 g4) 36. Qd3 Ke7 37. h4 Ke6 (37... Nb8 $142 38. e5 fxe5 39. fxe5 (39. Qxg6 Nc6 $11) 39... Rxe5 40. Qxg6 (40. Kxc2 Re6 $16) 40... Nd7) 38. Qb3+ Ke7 39. Qd3 (39. Qa3 $142) 39... Ke6 $1 40. e5 fxe5 41. Qxg6+ Ke7 42. f5 e4 43. Qe6+ Kd8 44. f6 Re5 45. Qg8+ Kc7 46. Kxc2 $2 (46. Qc4+ $1 $18 {is the precise move to win.} Kd8 47. f7) 46... e3 $16 {[%emt 0:01:52] [#] White must now prevent ...e2.} 47. Kd1 e2+ 48. Ke1 Nxf6 {[%emt 0:00:08] [#]} 49. Qg7+ ({White must play} 49. Qf7+ $1 $18 Nd7 50. g4 hxg4 51. h5) 49... Nd7 $14 {[%emt 0:01:31] White is slightly better.} 50. g4 hxg4 51. Qxg4 {[%emt 0:00:03] Hoping for h5.} Nc5 $1 {[%emt 0:00:31] ( -> ...Nd3+)} 52. Qd4 {[%emt 0:00:51] Against Nd3+} Kc6 $1 53. Qc4 Kd6 54. Qd4+ {[%emt 0:00:08] Weighted Error Value: White=0.55/Black=0.21 (precise)} 1/2-1/2

[Event "VII Totalizator Sportowy 2022"]
[Site "Bydgoszcz"]
[Date "2022.06.28"]
[Round "4.3"]
[White "Maksimenko, Andrei"]
[Black "Czarnota, Pawel"]
[Result "1/2-1/2"]
[ECO "D41"]
[WhiteElo "2434"]
[BlackElo "2502"]
[Annotator "TA"]
[PlyCount "55"]
[EventDate "2022.06.25"]
[EventType "swiss"]
[EventCountry "POL"]
[SourceTitle "playchess.com"]
[Source "ChessBase"]
[SourceQuality "1"]
[TimeControl "40/5400+30:1800+30"]

1. d4 Nf6 2. c4 e6 3. Nf3 d5 4. Nc3 c5 5. cxd5 Nxd5 6. e4 Nxc3 7. bxc3 cxd4 8. cxd4 Bb4+ 9. Bd2 Bxd2+ 10. Qxd2 O-O 11. Bc4 Nd7 12. O-O b6 13. Rfe1 Bb7 14. a4 {D41: Queen's Gambit Declined: Semi-Tarrasch with 5 cxd5.} Rc8 15. Bd3 h6 16. a5 Qc7 17. axb6 axb6 {[#] Black did not feel at home in the position after the opening.  Weighted Error Value: White=0.02 (flawless) /Black=0.05 (flawless)} {Predecessor:} 18. Ra3 $146 Rfd8 19. Qb2 Qd6 20. Rb3 Rc7 21. Ne5 Nf6 22. Nf3 Qf4 23. Qe2 Rc1 24. Qe3 Rxe1+ 25. Nxe1 Qxe3 26. fxe3 Bxe4 27. Bxe4 Nxe4 28. Rxb6 {0-1 (42) Deac,B (2572)-Kramnik,V (2809) Medias 2016} 1/2-1/2

[Event "VII Totalizator Sportowy 2022"]
[Site "Bydgoszcz"]
[Date "2022.06.28"]
[Round "4.4"]
[White "Jakubowski, Krzysztof"]
[Black "Kosakowski, Jakub"]
[Result "1-0"]
[ECO "B90"]
[WhiteElo "2475"]
[BlackElo "2435"]
[Annotator "TA"]
[PlyCount "117"]
[EventDate "2022.06.25"]
[EventType "swiss"]
[EventCountry "POL"]
[SourceTitle "playchess.com"]
[Source "ChessBase"]
[SourceQuality "1"]
[TimeControl "40/5400+30:1800+30"]

1. e4 c5 2. Nf3 d6 3. d4 cxd4 4. Nxd4 Nf6 5. Nc3 a6 6. a4 e5 7. Nf3 Be7 {[%emt 0:03:34] 7...Be7 scores better than 7...Qc7.} 8. Bg5 Be6 {Inhibits Bc4. B90: Sicilian Najdorf: Unusual White 6th moves, 6 Be3 Ng4 and 6 Be3 e5.} 9. Bxf6 Bxf6 10. Nd5 {[%emt 0:00:34] Prevents Qb6.} Nd7 {The position is equal.} 11. Bc4 Rc8 12. b3 Nb6 13. Nxf6+ Qxf6 14. Bxe6 Qxe6 15. O-O O-O {[%emt 0:00:28] [#]} 16. a5 $146 ({Predecessor:} 16. c4 Nd7 17. Nd2 Nc5 18. Re1 f5 19. exf5 Qxf5 20. f3 Nd3 21. Rf1 Rfd8 22. Ne4 {½-½ (31) Firouzja,A (2770)-Vachier Lagrave,M (2763) Riga 2021}) 16... Nd7 17. Nd2 Nf6 18. c4 Nd7 19. Nb1 g6 20. Nc3 f5 21. Ra2 f4 22. f3 (22. Rd2 $5 Rc6 23. Nd5 $16) 22... g5 23. Ra4 Nf6 24. Rb4 Rf7 25. Rb6 Rc6 26. Nd5 {[%emt 0:00:40][%cal Bc3d5,Bd5b4,Bb4d3][%mdl 32] Nxf6+ is the strong threat.} Ne8 27. Nb4 Rxb6 28. axb6 Qc8 {[%emt 0:00:09] And now ...Qc5+ would win.} 29. Qd5 Qc5+ (29... g4 $11) 30. Qxc5 $18 dxc5 {[%emt 0:00:02][%mdl 4096] Endgame KRN-KRN} 31. Nd3 Rf6 32. Nxc5 ({Much weaker is} 32. Nxe5 $6 Rxb6 33. Nd7 Rxb3 $11) 32... Rxb6 33. Rd1 $1 Nf6 {[%emt 0:01:01] [#]} 34. Rd8+ $1 Kf7 35. Rb8 Rd6 36. Rxb7+ Kg6 37. Ra7 Rd1+ 38. Kf2 Rd2+ 39. Kf1 g4 40. Rxa6 {[%emt 0:00:00] Threatens to win with Ke1. White is more active.} g3 41. hxg3 ({Better is} 41. h4 $18) 41... fxg3 $16 {[%emt 0:05:22] [#]} 42. f4 $1 Kf7 $2 (42... Kg7 $16) 43. fxe5 $18 Ng4 (43... Rf2+ 44. Ke1 Nh5 45. e6+ Ke7 46. Ra7+ Ke8) 44. e6+ ({Weaker is} 44. Ra7+ Ke8 $16) 44... Ke7 45. Ra7+ Ke8 46. Ra8+ $2 (46. Na6 Rd4 47. Ke2) 46... Ke7 47. Ra7+ Ke8 48. Rg7 $2 (48. Na6 Nh2+ 49. Ke1) 48... Ne3+ $2 (48... Nh2+ 49. Ke1 Rxg2) 49. Ke1 Rxg2 50. Nd7 {[%emt 0:06:34] Threatening mate with Nf6+.} Nc2+ 51. Kd1 Ne3+ 52. Kc1 Rc2+ 53. Kb1 {[%emt 0:00:04] Intending Nf6+ and mate.} Rf2 {[%emt 0:00:04] White is clearly winning.} 54. Rxg3 Nf1 (54... Nc2 $142 55. Rg8+ Ke7) 55. Rg8+ Ke7 56. Nc5 h5 57. Rg7+ Ke8 58. e5 h4 59. Ne4 {[%emt 0:01:12] Weighted Error Value: White=0.49/Black=0.45} 1-0

[Event "VII Totalizator Sportowy 2022"]
[Site "Bydgoszcz"]
[Date "2022.06.28"]
[Round "4.5"]
[White "Janik, Igor"]
[Black "Sieciechowicz, Marcin"]
[Result "1/2-1/2"]
[ECO "E71"]
[WhiteElo "2525"]
[BlackElo "2388"]
[Annotator "TA"]
[PlyCount "109"]
[EventDate "2022.06.25"]
[EventType "swiss"]
[EventCountry "POL"]
[SourceTitle "playchess.com"]
[Source "ChessBase"]
[SourceQuality "1"]
[TimeControl "40/5400+30:1800+30"]

1. c4 Nf6 2. Nc3 g6 3. e4 d6 4. d4 Bg7 5. h3 O-O 6. Be3 c5 7. Nf3 cxd4 8. Nxd4 ({Much worse is} 8. Qxd4 Ng4 $1 9. Qd2 Nxe3 10. Qxe3 Nc6 $15) 8... b6 {[%emt 0:03:41] E90: King's Indian: Classical: Early deviations and 6 h3.} 9. Qd2 Bb7 10. f3 Nbd7 {[%emt 0:03:42] White is slightly better.} 11. h4 h5 12. Bh6 {[%emt 0:03:10][%cal Og2g4] [#]} e6 $146 ({Predecessor:} 12... Bh8 13. O-O-O Ne5 14. Kb1 a6 15. Bxf8 Kxf8 16. Rc1 Rc8 17. Nd5 e6 18. Nxf6 Bxf6 {½-½ (37) Sivuk,V (2546)-Amonatov,F (2632) Astana 2019}) 13. Bxg7 {[%emt 0:01:42] White is more active.} Kxg7 14. O-O-O a6 {[%emt 0:04:15] Prevents Ndb5.} 15. Nc2 d5 16. exd5 exd5 17. cxd5 ({Don't do} 17. Nxd5 Nxd5 18. cxd5 Qf6 $14) 17... Rc8 18. Kb1 Qc7 {[%emt 0:03:54] [#]} 19. Qd4 ({White should play} 19. Nd4 $1 $18) 19... Qe5 20. Bc4 Qxd4 21. Rxd4 b5 22. Bb3 Nc5 23. Rhd1 Rfe8 24. d6 {[%emt 0:13:11] Prevents Re7.} Rcd8 25. Nb4 Nxb3 26. axb3 Re6 $1 27. Kc2 Rd7 28. Nd3 {[%emt 0:02:48] Nc5 is the strong threat.} Rexd6 29. Rxd6 Rxd6 30. Nc5 Rxd1 31. Nxd1 $11 {[%emt 0:00:08][%mdl 4096] Endgame KBN-KNN} (31. Kxd1 $5 Bc8 32. Ke2 $11) 31... Bc8 {[%emt 0:00:33] The position is equal.} 32. Kc3 Nd5+ 33. Kd4 Nf4 34. Ne3 f6 35. Nd3 Ne2+ 36. Kd5 g5 37. hxg5 fxg5 38. Ke5 Kg6 39. Nd5 Bb7 40. Ne7+ Kf7 41. Nf5 {[%emt 0:00:13] Threatens to win with Nd6+.} Ba8 42. b4 h4 43. Nd4 Nxd4 44. Kxd4 {[%emt 0:00:47] KB-KN} Ke6 45. Nc5+ Kf5 {[%emt 0:03:52] White must now prevent ...Kf4.} 46. Ke3 g4 47. fxg4+ Kxg4 48. Kf2 Kf4 49. Nxa6 Ke4 50. g3 hxg3+ (50... h3 {is interesting.} 51. Kg1 Kd4 52. Kh2 Bb7) 51. Kxg3 Kd4 52. Kf4 Kc4 53. Ke5 Bb7 54. Nc7 Kxb4 55. Nxb5 {[%emt 0:00:04] Weighted Error Value: White=0.06 (flawless) /Black=0.04 (flawless)} 1/2-1/2

[Event "VII Totalizator Sportowy 2022"]
[Site "Bydgoszcz"]
[Date "2022.06.28"]
[Round "4.6"]
[White "Kacprzak, Kacper"]
[Black "Tomczak, Jacek"]
[Result "1/2-1/2"]
[ECO "D85"]
[WhiteElo "2238"]
[BlackElo "2584"]
[Annotator "TA"]
[PlyCount "45"]
[EventDate "2022.06.25"]
[EventType "swiss"]
[EventCountry "POL"]
[SourceTitle "playchess.com"]
[Source "ChessBase"]
[SourceQuality "1"]
[TimeControl "40/5400+30:1800+30"]

1. d4 Nf6 2. c4 g6 3. Nc3 d5 4. cxd5 Nxd5 5. e4 Nxc3 6. bxc3 Bg7 7. Nf3 c5 8. Rb1 O-O 9. Be2 cxd4 10. cxd4 Qa5+ 11. Bd2 Qxa2 12. O-O Bg4 13. Bg5 Nc6 {[%emt 0:06:54] D85: Exchange Grünfeld: Unusual White 7th moves and lines with 7 Nf3.} 14. d5 {[%emt 0:02:37][%mdl 64] [#] Deflection} ({Much worse is} 14. Rxb7 $6 Bxf3 15. Bxf3 Nxd4 $11) 14... Na5 15. Bxe7 Rfe8 {[%emt 0:04:33] White is slightly better.} 16. d6 {[%emt 0:04:12] Strongly threatening e5.} Nc6 {[%emt 0:04:17] [#] Against e5} 17. Rxb7 $146 {[%emt 0:06:58] Bb5 is the strong threat.} (17. Bb5 $5 ) ({Predecessor:} 17. Bg5 Rxe4 18. Re1 Bxf3 19. Bxf3 Rd4 20. d7 Rxd1 21. Rbxd1 Rf8 22. Bxc6 bxc6 23. Re8 Bd4 24. Rxf8+ {1-0 (24) Hummel,J (1894)-Van Gelder,J (1807) Hoogeveen 2001}) 17... Nxe7 {[%emt 0:03:35] The position is equal.} 18. dxe7 {[%emt 0:05:41] [#] Threatens to win with Bb5.} Bf6 $1 19. Qd6 Bxe7 20. Rxe7 Rxe7 21. Qxe7 Qxe2 22. Ng5 Qc4 23. h3 {[%emt 0:03:45] Weighted Error Value: White=0.10 (very precise) /Black=0.03 (flawless)} 1/2-1/2

[Event "VII Totalizator Sportowy 2022"]
[Site "Bydgoszcz"]
[Date "2022.06.28"]
[Round "4.7"]
[White "Gumularz, Szymon"]
[Black "Malek, Jan"]
[Result "1/2-1/2"]
[ECO "D41"]
[WhiteElo "2513"]
[BlackElo "2316"]
[Annotator "TA"]
[PlyCount "83"]
[EventDate "2022.06.25"]
[EventType "swiss"]
[EventCountry "POL"]
[SourceTitle "playchess.com"]
[Source "ChessBase"]
[SourceQuality "1"]
[TimeControl "40/5400+30:1800+30"]

1. d4 Nf6 2. Nf3 d5 3. c4 e6 4. Nc3 c5 5. cxd5 Nxd5 6. e4 Nxc3 7. bxc3 cxd4 8. cxd4 Bb4+ 9. Bd2 Bxd2+ 10. Qxd2 O-O 11. Bc4 Nd7 12. O-O b6 13. Rfe1 Bb7 14. Rad1 Rc8 {[%emt 0:00:17] D41: Queen's Gambit Declined: Semi-Tarrasch with 5 cxd5.} 15. Bb3 h6 16. Re3 Nf6 17. Qe1 Re8 18. h3 Qc7 19. Ne5 b5 20. f4 a5 {[%emt 0:02:10] [#]} 21. d5 $146 ({Predecessor:} 21. a4 bxa4 22. Bxa4 Red8 23. Kh2 Qd6 24. Bb3 Qb4 25. Qxb4 axb4 26. f5 Bxe4 27. fxe6 {1-0 (40) Basso,P (2596)-Melia,S (2370) Chess.com INT 2020}) 21... exd5 (21... a4 {looks sharper.} 22. d6 Qb6 23. Bxa4 bxa4 24. d7 Nxd7 25. Rxd7 Rc7) 22. exd5 {[%emt 0:00:31] [#] Strongly threatening d6.} Qd6 $1 23. a4 b4 24. Qd2 {[%emt 0:04:55] The position is equal.} Red8 25. Kh1 Rc5 26. Nxf7 $1 Kxf7 27. Re6 Qd7 28. d6 Qxe6 (28... Kf8 29. Qd4 Nd5 30. Qe5 $16 (30. Qxc5 Qxe6 31. Rxd5 Bxd5 $11)) 29. Bxe6+ Kxe6 30. Qe3+ Ne4 31. Rd4 {[%emt 0:00:13] Really sharp!} Rcc8 $1 (31... Rxd6 $2 32. Rxe4+ Bxe4 33. Qxc5 $18) 32. Rxe4+ Bxe4 33. Qxe4+ Kxd6 $11 {[%emt 0:00:17][%mdl 4096] Endgame KQ-KRR} 34. Qe5+ Kc6 35. Qb5+ Kd6 36. Qxa5 Rb8 37. Qe5+ Kc6 38. Qxg7 b3 {[%emt 0:00:15] [#] And now ...Rd1+ would win.} 39. Qc3+ Kd5 40. Qd3+ Kc5 41. Qc3+ Kd5 42. Qd3+ {[%emt 0:13:54] A balanced but interesting game.  Weighted Error Value: White=0.04 (flawless) /Black=0.02 (flawless)} 1/2-1/2